Unix NetHack Version 5.0.0-0 post-release - last build Jun 10 2026 00:39:30 (3ee93aec679c4c4259841fe613dc97188e26a321,branch:main).

Game began 2026-06-30 21:43:25, ended 2026-06-30 22:17:35.

BeardyHaddock, neutral male gnomish Wizard

                       ------                      ----        ----
   -------            --..|.|        ----         --..----------..|        ---
  --.....-----        |.....|      ---..-----------....|..........|       --.--
  |........|.--      --....-       |.....*...............----------     ---...|
  --..........|      |.....|    ----......-----------..-----..--     ----....--
   ---*.--...-|     --.....| ----.|........------   |...---....|     |.|.....--
     --.|--...|  ----....`.---..................--  |-.<.......|    --....|...|
      |.| |..-- --^..............................| --.........--   --...----.--
      |.---------..--..--.......................-- |..........|    |....|  ---
      |..|   |....------|.........[^..--........-----.........------....|---
      --.|   |.----    --..........----|...e.....|.--..........|.--.....--^---
       |.|  --.|       |.).---.....|   |.---@:...........----................--
      --.|---..|       |-.-- -------   --- --h..............|--.........|.....|
   ----..|.....----    |..|  ----          --...........--- - --.......----...|
   |.|...|..-...|.|  ---..-- |..|          |.......G....|      |.......|  |..--
   |..............| --.....---..--         |...........--      ---.....|  ----
   |.............-- |............|         --..---.G...|         |...---
   ---......|..---  |......%.....|          |..| |.....-         |.---
     --.)..-----    --...--.|...--          ---- --.....|        ---
      |..---         ---------.--                 -------
      ----                   ---
BeardyHaddock the Conjurer  St:10 Dx:17 Co:12 In:17 Wi:9 Ch:12  Neutral
Dlvl:4  $:162 HP:0(31) Pw:49(49) AC:6  Xp:5 T:2755 

Latest messages:
 Really step onto that arrow trap? [yn] (n) n
 You swap places with the peaceful gnome.
 The rabid rat bites!
 You hit the rabid rat.
 The rabid rat just misses!
 You hit the rabid rat.
 The rabid rat bites!
 You kill the rabid rat!
 You feel tough!
 You must have been leading a healthy life-style.
 In what direction? 6
 The spell hits the leprechaun!
 In what direction? 6
 The spell hits the leprechaun!
 You kill the leprechaun!
 $ - 125 gold pieces (162 in total).
 You find a magic trap.
 You swap places with the peaceful gnome.
 You hit the floating eye.
 You are frozen by the floating eye's gaze!
 The newt just misses!
 The newt bites!
 The newt bites!
 The newt bites!
 The newt bites!
 The newt just misses!
 The newt bites!
 The newt bites!
 The newt just misses!
 The newt bites!
 The newt bites!
 The newt bites!
 The hobbit wields a dagger!
 The newt bites!
 The hobbit thrusts his dagger.
 The hobbit hits!
 The newt bites!
 The hobbit thrusts his dagger.
 The hobbit hits!
 The hobbit thrusts his dagger.
 The hobbit hits!
 The newt bites!
 The hobbit thrusts his dagger.
 The hobbit hits!
 You die...
 Do you want your possessions identified? [ynq] (y) y
 Do you want to see your attributes? [ynq] (y) n
 Do you want an account of creatures vanquished? [ynaq] (y) n
 Do you want to see your conduct and achievements? [ynq] (y) n
 Do you want to see the dungeon overview? [ynq] (y) n

Inventory:
 Coins    ('$')
  $ - 162 gold pieces
 Weapons  (')')
  a - a blessed +1 quarterstaff (weapon in hands)
 Armor    ('[')
  b - an uncursed +0 cloak of magic resistance (being worn)
  t - an uncursed +0 studded leather armor (being worn)
 Comestibles  ('%')
  D - 3 uncursed food rations
  v - an uncursed lembas wafer
  O - an uncursed pancake
 Scrolls  ('?')
  E - an uncursed scroll of enchant weapon
  L - an uncursed scroll of teleportation
 Potions  ('!')
  h - an uncursed potion of monster detection
  g - a blessed potion of restore ability
  J - an uncursed potion of water
 Rings    ('=')
  H - a blessed +1 ring of increase damage
  K - a cursed ring of levitation
  d - an uncursed ring of polymorph control
 Wands    ('/')
  c - a wand of magic missile (0:4)
 Tools    ('(')
  C - an uncursed lock pick
  B - an uncursed magic lamp (lit)
  n - a magic marker (0:22)
  P - an uncursed tin whistle
  M - an uncursed towel
 Gems/Stones  ('*')
  R - an uncursed obsidian stone
  G - 3 uncursed worthless pieces of blue glass
  N - an uncursed worthless piece of green glass
  F - an uncursed worthless piece of violet glass
  Q - an uncursed worthless piece of yellow glass

BeardyHaddock the Wizard's attributes:

Background:
 You were a Conjurer, a level 5 male gnomish Wizard.
 You were neutral, on a mission for Thoth
 who was opposed by Ptah (lawful) and Anhur (chaotic).
 You were right-handed.
 You were in the Gnomish Mines, on level 4.
 You entered the dungeon 2755 turns ago.
 It was nighttime.
 There was a full moon in effect when your adventure ended.
 You had 261 experience points, 59 more were needed to attain level 6.

Basics:
 You had 0 out of 31 hit points.
 You had all 49 energy points (spell power).
 Your armor class was 6.
 Your wallet contained 162 zorkmids.
 Autopickup was off.

Final Characteristics:
 Your strength was 10 (limit:18/50).
 Your dexterity was 17 (limit:18).
 Your constitution was 12 (limit:18).
 Your intelligence was 17 (limit:19).
 Your wisdom was 9 (limit:18).
 Your charisma was 12 (limit:18).

Final Status:
 You weren't hungry.
 You were unencumbered.
 You were wielding a quarterstaff.
 You had basic skill with quarterstaff.

Final Attributes:
 You were piously aligned.
 You were magic-protected.
 You were telepathic.
 You had infravision.
 You were warded.
 You were lucky.
 You are dead.

Miscellaneous:
 You didn't encounter any bones levels.
 Total elapsed playing time was 34 minutes and 9 seconds.

Major events:
 Turn
    1: BeardyHaddock the neutral male gnomish Wizard entered the dungeon
  794: attained the rank of Conjurer (level 3)
 1428: entered the Gnomish Mines
 2755: killed by a hobbit, while frozen by a floating eye's gaze

Spells:
 Name                 Level Category     Fail Retention
 force bolt             1   attack         0%   81%-90%
 jumping                1   escape         0%  76%-100%
 charm monster          5   enchantment   98%  91%-100%

Skills:
 Fighting Skills
   bare handed combat [Unskilled]
   riding             [Unskilled]
 Weapon Skills
   dagger             [Unskilled]
   knife              [Unskilled]
   axe                [Unskilled]
   short sword        [Unskilled]
   club               [Unskilled]
   mace               [Unskilled]
   quarterstaff       [Basic]
   polearms           [Unskilled]
   spear              [Unskilled]
   trident            [Unskilled]
   sling              [Unskilled]
   dart               [Unskilled]
   shuriken           [Unskilled]
 Spellcasting Skills
   attack spells      [Basic]
   healing spells     [Unskilled]
   divination spells  [Unskilled]
   enchantment spells [Basic]
   clerical spells    [Unskilled]
   escape spells      [Unskilled]
   matter spells      [Unskilled]

Voluntary challenges:
 Character rerolling was not enabled.
 You never genocided any monsters.
 You never polymorphed an object.
 You never changed form.
 You used no wishes.
Achievements:
 You attained the rank of Conjurer.
 You entered a shop.
 You entered the Gnomish Mines.

 The Dungeons of Doom: levels 1 to 2
    Level 1:
       A fountain.
    Level 2:
       A general store, an altar, a fountain.
       Stairs down to The Gnomish Mines.
 The Gnomish Mines: levels 3 to 4
    Level 3:
    Level 4: <- You were here.
       Final resting place for
          you, killed by a hobbit, while frozen by a floating eye's gaze.


Vanquished creatures:
  a leprechaun
 an imp
  4 floating eyes
  a kitten
  5 hill orcs
  a rabid rat
  a monkey
 an orc zombie
  2 dwarf zombies
  2 iguanas
  2 coyotes
  2 gas spores
  a hobbit
  a cave spider
  a yellow mold
  a gnome
  3 geckos
  6 jackals
  a fox
  a kobold
  2 goblins
  a sewer rat
  4 grid bugs
  a bat
  8 lichens
  2 kobold zombies
  9 newts
65 creatures vanquished.

No species were genocided or became extinct.

Game over:
                       ----------
                      /          \
                     /    REST    \
                    /      IN      \
                   /     PEACE      \
                  /                  \
                  |  BeardyHaddock   |
                  |      162 Au      |
                  |   killed by a    |
                  |      hobbit      |
                  |                  |
                  |                  |
                  |       2026       |
                 *|     *  *  *      | *
        _________)/\\_//(\/(/\)/\//\/|_)_______

Goodbye BeardyHaddock the Wizard...

You died in The Gnomish Mines on dungeon level 4 with 1350 points,
and 162 pieces of gold, after 2755 moves.
You were level 5 with a maximum of 31 hit points when you died.

